 Dungeon Crawl Stone Soup version 0.21.1-1-g345015f (webtiles) character file.

69 goulibeur the Unweaver (level 4, -6/35 HPs)
             Began as a Demonspawn Abyssal Knight on June 15, 2018.
             Was a Follower of Lugonu.
             Mangled by Grinder (9 damage)
             ... on level 3 of the Dungeon.
             The game lasted 00:07:47 (2175 turns).

goulibeur the Unweaver (Demonspawn Abyssal Knight)  Turns: 2175, Time: 00:07:48

Health: -6/35      AC: 13    Str: 13    XL:     4   Next: 2%
Magic:  7/7        EV: 11    Int: 13    God:    Lugonu [*.....]
Gold:   85         SH:  0    Dex: 13    Spells: 3/3 levels left

rFire    + . .     SeeInvis .   m - +0 falchion (protect)
rCold    . . .     Gourm    .   (no shield)
rNeg     . . .     Faith    .   p - +0 ring mail {rF+}
rPois    .         Spirit   .   (no helmet)
rElec    .         Reflect  .   (no cloak)
rCorr    .         Harm     .   e - +0 pair of gloves
MR       .....                  (no boots)
Stlth    ..........             (no amulet)
HPRegen  0.11/turn              (no ring)
MPRegen  0.10/turn              (no ring)

@: protection aura
A: hooves 1, powered by death 1
a: Depart the Abyss, Renounce Religion


You were on level 3 of the Dungeon.
You worshipped Lugonu.
Lugonu was aware of your devotion.
You were not hungry.

You visited 1 branch of the dungeon, and saw 3 of its levels.
You visited the Abyss 1 time.

You collected 85 gold pieces.

Inventory:

Hand Weapons
 a - a +1 short sword
 m - a +0 falchion of protection (weapon)
Armour
 b - a +0 leather armour
 e - a +0 pair of gloves (worn)
 j - a +0 ring mail
 n - a +0 scale mail
 p - a +0 ring mail of fire resistance (worn)
Scrolls
 d - a scroll of amnesia {unknown}
 g - a scroll of enchant weapon {unknown}
 i - 2 scrolls of identify {unknown}
 k - 2 scrolls of enchant armour {unknown}
 l - a scroll of remove curse {unknown}
 o - a scroll of noise {unknown}
 q - 3 scrolls of magic mapping {unknown}
Potions
 f - a potion of ambrosia {unknown}
 h - a potion of curing {unknown}
Comestibles
 c - 5 rations


   Skills:
 + Level 3.4 Fighting
 - Level 1.7 Short Blades
 + Level 2.3 Armour
 + Level 1.7 Dodging
 * Level 4.0 Invocations


You had 3 spell levels left.
You didn't know any spells.

Dungeon Overview and Level Annotations

Branches:
Dungeon (3/15)

Altars:

Annotations:
D:3 Grinder


Innate Abilities, Weirdness & Mutations

You have large cloven feet.
You regenerate a little health from kills.


Message History

You feel sick.
You are no longer poisoned.
The hobgoblin hits you but does no damage.
Grinder hits you! The hobgoblin hits you. Grinder hits you.
* * * LOW HITPOINT WARNING * * *
You writhe in agony.
* * * LOW HITPOINT WARNING * * *
The hobgoblin hits you but does no damage.
You can move again.
You hit the hobgoblin but do no damage.
Your weapon exudes an aura of protection.
The hobgoblin is almost dead.
Grinder barely misses you. The hobgoblin misses you.
You closely miss the hobgoblin.
The hobgoblin is almost dead.
Grinder hits you.
* * * LOW HITPOINT WARNING * * *
The hobgoblin barely misses you. Grinder hits you!
You die...

### ... #.##### .....
#.#... ....# #.#.###
#.#.# #.....# ##
#.#.#######.###5###...##
#.#.##....รท.#
#.@g...... #.#)##.####.#
#.###...#. #.#.##.#
#.....# ## #....#.#
#.#.### #..#...# #.#.#
#....### #.# # #.#.##
#.# .#....... .#
#.#######


You could see Grinder and a hobgoblin.

Vanquished Creatures
  3 adders
  A dart slug (D:1)
  A leopard gecko (D:1)
  A giant cockroach (D:2)
  8 goblins
  5 hobgoblins
  6 kobolds
  6 bats
  3 frilled lizards (D:2)
  4 rats
38 creatures vanquished.

Notes
Turn   | Place    | Note
-------+----------+-------------------------------------------
     0 | Abyss:1  | goulibeur the Demonspawn Abyssal Knight began the quest for the Orb.
     0 | Abyss:1  | Reached XP level 1. HP: 18/18 MP: 2/2
    38 | Abyss:1  | Noticed a white very ugly thing
    38 | D:1      | Escaped the Abyss
    79 | D:1      | Reached skill level 1 in Dodging
   100 | D:1      | Reached * piety under Lugonu
   100 | D:1      | Gained mutation: You regenerate a little health from kills. [demonic ancestry]
   100 | D:1      | Reached XP level 2. HP: 12/24 MP: 4/4
   368 | D:1      | Reached skill level 3 in Invocations
   923 | D:2      | Reached XP level 3. HP: 29/29 MP: 5/5
  2145 | D:3      | Noticed Grinder
  2159 | D:3      | Reached skill level 4 in Invocations
  2159 | D:3      | Gained mutation: You have large cloven feet. [demonic ancestry]
  2159 | D:3      | Reached XP level 4. HP: 32/35 MP: 5/7
  2168 | D:3      | Paralysed by Grinder for 6 turns
  2175 | D:3      | Mangled by Grinder

Skill      XL: |  1  2  3 |
---------------+----------+-----
Dodging        | 1 |  1.7
Armour         | 2 |  2.3
Invocations    | 3 4 |  4.0
Fighting       | |  3.4
Short Blades   | |  1.7

Action                   |  1- 3 |  4- 6 || total
-------------------------+-------+-------++-------
Melee: Short sword       |   169 |       ||   169
       Falchion          |    14 |    11 ||    25
       Kick              |       |     1 ||     1
Invok: Depart the Abyss  |     1 |       ||     1
  Eat: Chunk             |     4 |       ||     4
Armor: Leather armour    |    47 |       ||    47
       Ring mail         |    16 |     7 ||    23
       Scale mail        |    12 |       ||    12
Dodge: Dodged            |    96 |    10 ||   106
       Rpst.: Falchion   |     3 |     1 ||     4
